 Dungeon Crawl Stone Soup version 0.25.1-8-g42b30a86e7 (webtiles) character file.

Game seed: 922508962617237797

1777 Allula97 the Covered (level 8, -5/52 HPs)
             Began as a Demonspawn Fighter on Dec 4, 2020.
             Was an Initiate of Qazlal.
             Slain by a quicksilver dragon skeleton (9 damage)
             ... on level 1 of the Abyss.
             The game lasted 00:26:23 (6490 turns).

Allula97 the Covered (Demonspawn Fighter)           Turns: 6490, Time: 00:26:23

Health: -5/52      AC: 10    Str: 20    XL:     8   Next: 81%
Magic:  8/8        EV:  7    Int:  9    God:    Qazlal [......]
Gold:   243        SH:  0    Dex:  7    Spells: 7/7 levels left

rFire    . . .     SeeInvis +   h - +1 great sword
rCold    . . .     Gourm    .   (shield currently unavailable)
rNeg     + . .     Faith    .   b - +1 scale mail
rPois    .         Spirit   .   (no helmet)
rElec    +         Reflect  .   (no cloak)
rCorr    .         Harm     .   (no gloves)
MR       +....                  (no boots)
Stlth    ..........             (no amulet)
HPRegen  0.17/turn              u - ring "Dixugar" {rElec rN+ Dex-5 Slay+5 SInv}
MPRegen  0.11/turn              w - -4 ring of evasion (curse)

@: about to teleport, lightly drained
A: hooves 2, rugged brown scales 2, demonic guardian 1, [frail 2], magic
resistance 1, mutation resistance 1, powered by pain 1
a: Renounce Religion


You were on level 1 of the Abyss.
You worshipped Qazlal.
Qazlal was noncommittal.
You were not hungry.

You visited 2 branches of the dungeon, and saw 9 of its levels.
You visited the Abyss 1 time.

You collected 243 gold pieces.

Inventory:

Hand Weapons
 a - a +0 trident
 h - a +1 great sword (weapon)
Missiles
 e - 2 throwing nets
 j - 18 poisoned darts (quivered)
Armour
 b - a +1 scale mail (worn)
 c - a +0 kite shield
Jewellery
 t - the ring of Pepe {+Inv rCorr Int+4 Stlth+, unknown}
   (You found it on level 7 of the Dungeon)

   [ring of resist corrosion]

   It affects your intelligence (+4).
   It lets you turn invisible.
   It provides partial protection from all sources of acid and corrosion.
   It makes you more stealthy.
 u - the ring "Dixugar" (left hand) {rElec rN+ Dex-5 Slay+5 SInv}
   (You found it on level 3 of the Dungeon)

   [ring of see invisible]

   It affects your dexterity (-5).
   It affects your accuracy and damage with ranged weapons and melee attacks
   (+5).
   It insulates you from electricity.
   It protects you from negative energy.
   It lets you see invisible.
 w - a cursed -4 ring of evasion (right hand)
 y - a +6 ring of strength
Wands
 s - a wand of flame (13)
Scrolls
 i - 4 scrolls of teleportation
 n - a scroll of immolation
 p - a scroll of fog
 r - 4 scrolls of random uselessness
 x - a scroll of identify
Potions
 d - 5 potions of might
 k - 2 potions of lignification
 l - 2 potions of stabbing
 m - 3 potions of curing
 o - 3 potions of mutation
 q - a potion of heal wounds
 v - a potion of haste
 z - a potion of brilliance
Comestibles
 f - 10 rations


   Skills:
 * Level 5.1 Fighting
 * Level 4.9 Long Blades
 - Level 4.0 Polearms
 + Level 0.5 Throwing
 * Level 5.7(5.6) Armour
 * Level 3.4 Dodging
 - Level 1.1(1.0) Stealth
 - Level 4.1 Shields
 * Level 1.2(1.1) Invocations


You had 7 spell levels left.
You didn't know any spells.
Your spell library was empty.

Dungeon Overview and Level Annotations

Branches:
Dungeon (8/15)             Temple (1/1) D:6
   Lair: D:8-11

Altars:
Cheibriados
Elyvilon
Hepliaklqana
Kikubaaqudgha
Nemelex Xobeh
Qazlal
Ru
Sif Muna
Trog
Wu Jian
Xom
Yredelemnul
Zin
The Shining One


Innate Abilities, Weirdness & Mutations

You have hoof-like feet.
You are mostly covered in rugged brown scales. (AC +2, +5% HP)
A weak demonic guardian rushes to your aid.
You sometimes gain a little power by taking damage.
You are resistant to hostile enchantments. (MR+)
You are somewhat resistant to further mutation.
[You are very frail. (-20% HP)]


Message History

The sixfirhy hits you but does no damage.
The sixfirhy completely misses you.
You feel much better.
As you read the scroll of teleportation, it crumbles to dust.
You feel strangely unstable.
You feel the power of the Abyss delaying your translocation!
The sixfirhy hits you. The sixfirhy shocks you. You resist.
A wretched star comes into view.
The sixfirhy hits you. The sixfirhy shocks you. You resist.
The sixfirhy hits you but does no damage. x2
The ynoxinul gestures at you. The iron shot hits you!!
The sixfirhy hits you but does no damage.
The sixfirhy hits you but does no damage.
The ynoxinul gestures.
The quicksilver dragon skeleton bites you!
* * * LOW HITPOINT WARNING * * *
The quicksilver dragon skeleton claws you but does no damage.
The quicksilver dragon skeleton bites you!
You die...

.#... .#. ...... ... ..
#.... ..# #.. #... ..#
##.# ##.## #!##
#...###...###...## ....
....#.....#.....#. . ..
.*5.53....@....... . ≈ .
...#..*3Z#.....#.. .
##...###...## ... ##x##
##.## #.# .∩ ##.$.##
...###... .
.#.....#.....#.. .## .
..$.............. . .
...#.....#.....#. ..# .
...###...###...###.......
.


You could see a wretched star, a sixfirhy, a ynoxinul, a small abomination, an
ufetubus (summoned) and a quicksilver dragon skeleton.

Vanquished Creatures
  Sigmund (D:3)
  Edmund (D:5)
  A sky beast (D:6)
  An ice beast (D:6)
  2 ogres
  2 centaurs
  2 bullfrogs
  3 scorpions
  2 howler monkeys
  A centaur zombie (D:3)
  2 crimson imps
  The ghost of Clowwww the Grave Robber, a weakling DENe (D:3)
  A bullfrog zombie (D:3)
  An orc priest (D:5)
  3 hounds
  An orc wizard (D:5)
  A bullfrog skeleton (D:4)
  A centaur skeleton (D:5)
  2 worker ants
  An iguana (D:6)
  A hound zombie (D:5)
  6 gnolls
  A howler monkey skeleton (D:4)
  6 adders
  A white imp (Abyss:1)
  An adder skeleton (D:5)
  2 worms
  2 dart slugs
  3 leopard geckos
  9 orcs
  7 bats
  3 giant cockroaches
  13 goblins
  17 hobgoblins
  11 jackals
  A quokka (D:3)
  A ball python (D:3)
  5 frilled lizards
  10 kobolds
  A leopard gecko skeleton (D:4)
  A quokka zombie (D:7)
  13 rats
145 creatures vanquished.

Vanquished Creatures (collateral kills)
  A phantom (D:4)
  A hound (D:3)
  Ijyb (D:3)
  A gnoll (D:6)
  An adder zombie (D:3)
  A giant cockroach (D:3)
  2 goblins (D:3)
8 creatures vanquished.

Grand Total: 153 creatures vanquished

Notes
Turn   | Place    | Note
-------+----------+-------------------------------------------
     0 | D:1      | Allula97 the Demonspawn Fighter began the quest for the
                  | Orb.
     0 | D:1      | Reached XP level 1. HP: 18/18 MP: 1/1
   108 | D:1      | Gained mutation: You are partially covered in rugged brown
                  | scales. (AC +1, +3% HP) [demonic ancestry]
   108 | D:1      | Reached XP level 2. HP: 18/24 MP: 2/2
   466 | D:1      | Gained mutation: A weak demonic guardian rushes to your
                  | aid. [demonic ancestry]
   466 | D:1      | Reached XP level 3. HP: 26/29 MP: 3/3
  1334 | D:2      | Reached skill level 1 in Dodging
  1561 | D:2      | Gained mutation: You have large cloven feet. [demonic
                  | ancestry]
  1561 | D:2      | Reached XP level 4. HP: 27/36 MP: 4/4
  2201 | D:3      | Found a transporter.
  2201 | D:3      | Noticed Clowwww's ghost (weakling DENe)
  2285 | D:3      | Found a transporter.
  2292 | D:3      | Noticed Sigmund
  2301 | D:3      | Gained mutation: You are somewhat resistant to further
                  | mutation. [potion of mutation]
  2301 | D:3      | Gained mutation: You have hoof-like feet. [potion of
                  | mutation]
  2301 | D:3      | Gained mutation: You are resistant to hostile enchantments.
                  | (MR+) [potion of mutation]
  2306 | D:3      | Killed Sigmund
  2306 | D:3      | Reached skill level 1 in Stealth
  2306 | D:3      | Reached XP level 5. HP: 42/42 MP: 5/5
  2692 | D:3      | Found a hazy altar of Hepliaklqana.
  2704 | D:3      | Gained mutation: You sometimes gain a little power by
                  | taking damage. [demonic ancestry]
  2704 | D:3      | Reached XP level 6. HP: 42/49 MP: 6/6
  2874 | D:3      | Found a white marble altar of Elyvilon.
  3095 | D:3      | Noticed Ijyb
  3111 | D:3      | Killed Ijyb
  3131 | D:3      | Got a steaming ivory ring
  3289 | D:3      | Identified the ring "Dixugar" {rElec rN+ Dex-5 Slay+5 SInv}
                  | (You found it on level 3 of the Dungeon)
  3378 | D:3      | Killed Clowwww's ghost
  3467 | D:4      | Gained mutation: You are mostly covered in rugged brown
                  | scales. (AC +2, +5% HP) [demonic ancestry]
  3467 | D:4      | Reached XP level 7. HP: 29/56 MP: 7/7
  4462 | D:4      | Reached skill level 1 in Long Blades
  4640 | D:5      | Entered Level 5 of the Dungeon
  4961 | D:5      | Noticed Edmund
  5129 | D:5      | Killed Edmund
  5129 | D:5      | Reached XP level 8. HP: 37/64 MP: 8/8
  5163 | D:5      | Reached skill level 5 in Armour
  5870 | D:5      | You fall into a shaft and drop 3 floors!
  5910 | D:7      | Got a steaming wooden ring
  6051 | D:6      | Found a staircase to the Ecumenical Temple.
  6082 | Temple   | Entered the Ecumenical Temple
  6179 | Temple   | Became a worshipper of Qazlal Stormbringer
  6201 | D:6      | Reached skill level 5 in Fighting
  6209 | D:6      | Reached skill level 1 in Invocations
  6411 | D:6      | Cast into level 1 of the Abyss (orc)
  6473 | Abyss:1  | Noticed a sixfirhy
  6480 | Abyss:1  | Noticed a wretched star
  6487 | Abyss:1  | Noticed a wretched star
  6490 | Abyss:1  | Slain by a quicksilver dragon skeleton

Illustrated notes

Levels and vault maps discovered:
D:1:      minmay_arrival_three_doors, layout_loops_ring
D:2:      layout_basic
D:3:      kennysheep_goblin_castle, layout_loops_ring,
          overflow_temple_1_default, first_ration, gammafunk_ghost_mausoleum,
          elyvilon_altar_3, uniq_sigmund
D:4:      layout_basic, minmay_goblin_outpost
D:5:      layout_rooms, chequers_serial_rivers_marsh, minmay_crystal_water,
          uniq_edmund
D:6:      layout_rooms, chequers_temple_overflow_statue_of_worship,
          grunt_dithmenos_shadows, minmay_temple_entry_ruins, serial_shops,
          shop_statue, serial_bayou_pond_d, lemuel_old_faithful
D:7:      layout_cave_pods, serial_shops, shop
D:8:      layout_basic, lair_entry_dummy
Temple:   eino_narrow_crystal_temple
Abyss:1:  base:
D:1

Skill      XL: |  1  2  3  4  5  6  7  8 |
---------------+-------------------------+-----
Polearms       | 2 3 4 |  4.0
Armour         | 3 4 5 |  5.7
Shields        | 3 4 |  4.1
Dodging        | 1 2 3 |  3.4
Stealth        | 1 |  1.1
Fighting       | 4 5 |  5.1
Long Blades    | 2 4 |  4.9
Invocations    | 1 |  1.2
Throwing       | |  0.5

Action                   |  1- 3 |  4- 6 |  7- 9 || total
-------------------------+-------+-------+-------++-------
Melee: Trident           |   161 |   146 |     4 ||   311
       Kick              |       |    34 |    30 ||    64
       Great sword       |       |       |   146 ||   146
Throw: Dart              |       |       |    17 ||    17
  Use: Potion            |       |     5 |     8 ||    13
       Scroll            |       |       |    12 ||    12
 Stab: Distracted        |       |     1 |       ||     1
  Eat: Chunk             |     2 |     6 |    10 ||    18
Armor: Scale mail        |    85 |    70 |   138 ||   293
       Skin              |       |     5 |       ||     5
Dodge: Dodged            |    71 |    49 |    64 ||   184
Block: Kite shield       |    88 |   102 |     1 ||   191
       Rpst.: Great sword |       |       |    18 ||    18
